 Dungeon Crawl Stone Soup version 0.24-a0-420-g24607be (webtiles) character file.

Game seed: 5418959943000398989

373 pkoi the Charlatan (level 6, -4/52 HPs)
             Began as a Minotaur Artificer on June 11, 2019.
             Slain by an ogre
             ... wielding a +0 giant club
              (12 damage)
             ... on level 4 of the Dungeon.
             The game lasted 00:04:16 (3593 turns).

pkoi the Charlatan (Minotaur Artificer)             Turns: 3593, Time: 00:04:17

Health: -4/52      AC:  8    Str: 18    XL:     6   Next: 43%
Magic:  8/8        EV:  8    Int:  8    God:
Gold:   173        SH:  0    Dex: 11    Spells: 5/5 levels left

rFire    . . .     SeeInvis .   n - +0 long sword
rCold    . . .     Gourm    .   (no shield)
rNeg     . . .     Faith    .   o - +0 chain mail
rPois    .         Spirit   .   (helmet restricted)
rElec    .         Reflect  .   (no cloak)
rCorr    .         Harm     .   (no gloves)
MR       .....                  (no boots)
Stlth    ..........             r - amulet of magic regeneration
HPRegen  0.17/turn              (no ring)
MPRegen  0.36/turn              (no ring)

@: no status effects
A: retaliatory headbutt, horns 2
a: no special abilities


You were on level 4 of the Dungeon.
You were not hungry.

You visited 1 branch of the dungeon, and saw 4 of its levels.

You collected 173 gold pieces.

Inventory:

Hand Weapons
 a - a +0 short sword
 n - a +0 long sword (weapon)
Armour
 b - a +0 leather armour
 o - a +0 chain mail (worn)
Jewellery
 r - an amulet of magic regeneration (around neck)
Wands
 d - a wand of enslavement (15)
 e - a wand of random effects (2)
Scrolls
 g - 2 scrolls of remove curse {unknown}
 h - 4 scrolls of identify {unknown}
 j - 2 scrolls of immolation {unknown}
 k - a scroll of amnesia {unknown}
 l - 2 scrolls of magic mapping {unknown}
 m - a scroll of noise {unknown}
 p - a scroll of teleportation {unknown}
 q - 2 scrolls of enchant weapon {unknown}
Comestibles
 f - 6 rations
 i - 2 chunks of flesh


   Skills:
 - Level 4.1 Fighting
 - Level 1.1(1.7) Short Blades
 + Level 2.2(2.4) Long Blades
 - Level 4.2 Dodging
 - Level 0.7 Stealth
 + Level 4.5 Evocations


You had 5 spell levels left.
You didn't know any spells.
Your spell library was empty.

Dungeon Overview and Level Annotations

Branches:
Dungeon (4/15)
 Temple: D:4-7

Altars:
Ashenzari

Annotations:
D:3 3 runed translucent doors, MaxGames911's ghost, amateur HOFi; Natasha; Umoon's ghost, amateur DsFi


Innate Abilities, Weirdness & Mutations

You reflexively headbutt those who attack you in melee.
You have a pair of horns on your head.


Message History

The ogre seems to speed up.
An ogre comes into view. It is wielding a +0 giant club.
The ogre shouts!
You slash the ogre!
The ogre is heavily wounded.
The ogre closely misses you.
You hit the ogre.
The ogre is severely wounded.
The ogre hits you with a +0 giant club.
The ogre hits you with a +0 giant club!!
Some of the chunks of flesh in your inventory have rotted away.
You slash the ogre!
The ogre is almost dead.
The ogre hits you with a +0 giant club!!
* * * LOW HITPOINT WARNING * * *
You hit the ogre.
You kill the ogre!
Your Long Blades skill increases to level 2!
The ogre hits you with a +0 giant club!
You die...

#.# #.# #.##># #.
#.## #.##.# #.##
#...# #.##.# #...
###.###.##.# #..#
.....#>##.# #..## #
#.#.#.##.# ...
#.#......#.## #.#
#.#.....).รท.###@#.#
#.....##........O.#
###.####.##.#.#.#.#
#.# #.##.#.#.##..
#.# #.#....#.# #.#
#.###...###..># .#
####.......# #.... #
#.....##...# #.###
..##.####.#. ...


You could see an ogre.

Vanquished Creatures
  An ogre (D:4)
  A crimson imp (D:2)
  2 orc priests (D:4)
  An iguana (D:4)
  Natasha (twice) (D:3)
  7 adders
  3 worms
  A leopard gecko (D:3)
  8 orcs
  A ball python (D:4)
  2 giant cockroaches
  5 goblins
  5 hobgoblins
  5 jackals
  4 kobolds
  A quokka (D:3)
  7 bats
  A frilled lizard (D:1)
  A jackal skeleton (D:4)
  2 rats (D:2)
60 creatures vanquished.

Notes
Turn   | Place    | Note
-------+----------+-------------------------------------------
     0 | D:1      | pkoi the Minotaur Artificer began the quest for the Orb.
     0 | D:1      | Reached XP level 1. HP: 16/16 MP: 1/1
   579 | D:1      | Reached XP level 2. HP: 17/24 MP: 3/3
  1578 | D:2      | Reached XP level 3. HP: 21/29 MP: 4/4
  1993 | D:2      | Reached XP level 4. HP: 32/37 MP: 5/5
  2182 | D:3      | Found a runed translucent gate.
  2428 | D:3      | Found a runed translucent gate.
  2428 | D:3      | Found a runed translucent gate.
  2428 | D:3      | Noticed MaxGames911's ghost (amateur HOFi)
  2429 | D:3      | Noticed Umoon's ghost (amateur DsFi)
  2556 | D:3      | Noticed Natasha
  2566 | D:3      | Killed Natasha
  2880 | D:3      | Noticed Natasha
  2883 | D:3      | Killed Natasha
  2883 | D:3      | Reached XP level 5. HP: 45/45 MP: 6/6
  3071 | D:3      | Noticed Natasha
  3384 | D:4      | Reached skill level 1 in Long Blades
  3384 | D:4      | Reached XP level 6. HP: 34/52 MP: 8/8
  3430 | D:4      | Found a shattered altar of Ashenzari.
  3593 | D:4      | Slain by an ogre

Levels and vault maps discovered:
D:1:      evilmike_arrival_fibonacci_small, layout_basic
D:2:      layout_loops_corners
D:3:      minmay_angry_zag, layout_rooms, gammafunk_ghost_cemetery,
          serial_co_window_serial, co_window_paths_a,
          co_window_of_opportunity_a, co_window_paths_b, co_window_corner_a,
          co_window_paths_a, co_window_paths_a, co_window_corner_b,
          co_window_cross_4, co_window_unsneaky_path_e, co_window_cross_4,
          co_window_corner_b, glass_columns_b, glass_columns_a, glass_columns_c,
          glass_columns_a, glass_columns_a, first_ration, uniq_robin,
          uniq_natasha
D:4:      layout_loops_ring, cheibrodos_ashenzari_chains

Skill      XL: |  1  2  3  4  5  6 |
---------------+-------------------+-----
Evocations     | 3 4 |  4.5
Fighting       | 2 3 4 |  4.1
Dodging        | 3 4 |  4.2
Long Blades    | 1 2 |  2.2
Short Blades   | |  1.1
Stealth        | |  0.7

Action                   |  1- 3 |  4- 6 || total
-------------------------+-------+-------++-------
Melee: Short sword       |    62 |    69 ||   131
       Headbutt          |    12 |    14 ||    26
       Long sword        |       |    17 ||    17
Evoke: Wand              |       |    28 ||    28
  Use: Potion            |       |     4 ||     4
 Stab: Paralysed         |       |     1 ||     1
  Eat: Chunk             |     3 |     5 ||     8
Armor: Leather armour    |    17 |    19 ||    36
       Chain mail        |       |     2 ||     2
Dodge: Dodged            |    38 |    69 ||   107
       Rpst.: Long sword |       |     5 ||     5

Table legend:
 A = Non-vault XP
 B = Vault XP
 C = Vault XP percentage of total XP
 D = Non-vault monster count
 E = Vault monster count
 F = Vault count percentage of total count
                 A         B        C        D         E       F
            +---------+---------+-------+---------+---------+-------
      Total |     499 |      35 |   6.6 |      58 |       2 |   3.3
            +---------+---------+-------+---------+---------+-------
        D:1 |      14 |       0 |   0.0 |       9 |       0 |   0.0
        D:2 |      93 |       0 |   0.0 |      17 |       0 |   0.0
        D:3 |      97 |      35 |  26.5 |      18 |       2 |  10.0
        D:4 |     295 |       0 |   0.0 |      14 |       0 |   0.0
            +---------+---------+-------+---------+---------+-------
